 Dungeon Crawl Stone Soup version 0.29.1-12-g30fa7ad0bf (webtiles) character file.

Game seed: 10239239071570189216

47 Zeld the Shooter (level 3, -1/37 HPs)
             Began as an Ogre Hunter on Jan 9, 2023.
             Succumbed to an adder's poison
             ... on level 2 of the Dungeon.
             The game lasted 00:01:53 (751 turns).

Zeld the Shooter (Ogre Hunter)                       Turns: 751, Time: 00:01:54

Health: -1/37      AC:  4    Str: 15    XL:     3   Next: 70%
Magic:  3/3        EV: 10    Int: 10    God:
Gold:   30         SH:  0    Dex: 14    Spells: 2/2 levels left

rFire   . . .      SeeInvis .   a - +0 shortbow
rCold   . . .      Faith    .   (shield currently unavailable)
rNeg    . . .      Spirit   .   c - +0 robe
rPois   .          Reflect  .   (helmet restricted)
rElec   .          Harm     .   d - +0 cloak
rCorr   .          Rampage  .   (gloves unavailable)
Will    .....                   (boots unavailable)
Stlth   ++........              (no amulet)
HPRegen 0.12/turn               (no ring)
MPRegen 0.08/turn               (no ring)

@: lethally poisoned (-1 -> -11)
A: large, unfitting armour, tough skin 1
a: no special abilities


You were on level 2 of the Dungeon.
You visited 1 branch of the dungeon, and saw 2 of its levels.

You collected 30 gold pieces.

Inventory:

Hand Weapons
 a - a +0 shortbow (weapon)
Armour
 c - a +0 robe (worn)
 d - a +0 cloak (worn)
Scrolls
 b - 2 scrolls of immolation
 i - a scroll of identify {unknown}
 j - a scroll of torment {unknown}
Potions
 e - 5 potions of heal wounds {unknown}
 f - 2 potions of curing {unknown}
 g - a potion of haste {unknown}
 h - a potion of brilliance {unknown}


   Skills:
 + Level 3.3 Fighting
 * Level 3.4 Ranged Weapons
 + Level 2.2 Dodging
 + Level 1.3 Stealth


You had 2 spell levels left.
You didn't know any spells.
Your spell library contained the following spells:

 Spells                   Type           Power      Damage    Failure   Level
 Sandblast                Erth           0%         2d4       36%         1
 Passwall                 Tmut/Erth      0%         N/A       50%         2
 Stone Arrow              Conj/Erth      0%         3d7       75%         3


Dungeon Overview and Level Annotations

Branches:
Dungeon (2/15)

Altars:


Innate Abilities, Weirdness & Mutations

You are too large for most types of armour.
You have tough skin. (AC +1)


Message History

You are too injured to fight recklessly!
Really attack while wielding your +0 shortbow?
Okay, then.
Unknown command.
Fire: a) +0 shortbow
Press: ? - help, Q - select action Shift-Dir - straight line, f/p - adder
Aim: an adder (almost dead, 42% to hit)
You shoot an arrow. The arrow misses the adder.
The ball python hisses angrily.
You feel sick. The adder bites you but does no damage.
The adder barely misses you.
Fire: a) +0 shortbow
Press: ? - help, Q - select action Shift-Dir - straight line, f/p - adder
Aim: an adder (almost dead, 42% to hit)
You shoot an arrow. The arrow closely misses the adder.
You feel sick. The adder bites you. The adder closely misses you.
Unknown command.
Fire: a) +0 shortbow
Press: ? - help, Q - select action Shift-Dir - straight line, f/p - adder
Aim: an adder (almost dead, 42% to hit)
You shoot an arrow. The arrow barely misses the adder.
You feel sick. The adder bites you.
* * * LOW HITPOINT WARNING * * *
You are lethally poisoned!
The adder poisons you!
Fire: a) +0 shortbow
Press: ? - help, Q - select action Shift-Dir - straight line, f/p - adder
Aim: an adder (almost dead, 42% to hit)
You shoot an arrow. The arrow closely misses the adder.
* * * LOW HITPOINT WARNING * * *
You feel sick. The adder bites you.
* * * LOW HITPOINT WARNING * * *
You are more poisoned.
The adder poisons you! The adder bites you but does no damage.
Fire: a) +0 shortbow
Press: ? - help, Q - select action Shift-Dir - straight line, f/p - adder
Aim: an adder (almost dead, 42% to hit)
You shoot an arrow. The arrow hits the adder.
You kill the adder!
You die...

....#....(.. #.........J...
............##.........?.....
.............. .............
............## ..?..........
. #...........##
.............
..##.....[......#
##.....#.....
...............#
...........8.S8#.##~~
##.......8.@8.~~~~≈
#.......~.$†~~≈≈≈≈
#..<..~~~..≈≈≈≈≈≈~
#..~~~~≈≈..≈≈≈~~~~
#~~~~~≈≈≈≈≈..~~~~...
~~~~≈≈≈≈≈≈≈~~..~##....
≈≈≈≈≈≈≈≈~~~~8..8# ....
≈≈≈≈~~~~~...8..8# #.#
~~~~~###........


You could see a ball python.

Vanquished Creatures
  3 adders
  A dart slug (D:1)
  2 ball pythons (D:1)
  3 endoplasms (D:1)
  3 giant cockroaches (D:1)
  A goblin (D:1)
  A hobgoblin (D:1)
  A jackal (D:1)
  2 quokkas
  A bat (D:1)
  2 frilled lizards
  4 kobolds (D:1)
  2 rats (D:1)
26 creatures vanquished.

Notes
Turn   | Place    | Note
-------+----------+-------------------------------------------
     0 | D:1      | Zeld the Ogre Hunter began the quest for the Orb.
     0 | D:1      | Reached XP level 1. HP: 22/22 MP: 1/1
   221 | D:1      | Reached XP level 2. HP: 29/29 MP: 2/2
   234 | D:1      | Reached skill level 1 in Stealth
   342 | D:1      | Reached XP level 3. HP: 37/37 MP: 3/3
   347 | D:1      | Found a faded altar of an unknown god.
   751 | D:2      | Succumbed to an adder's poison

Illustrated notes

Levels and vault maps discovered:
D:1:      lightli_arrival_maybe_door_vault, layout_rooms,
          ebering_ecumenical_altar_hall, serial_bayou_crossing
D:2:      wander_river, layout_rooms, lexackson_kobold_supper

Skill      XL: |  1  2 |
---------------+-------+-----
Ranged Weapons | 3 |  3.4
Stealth        | 1 |  1.3
Fighting       | 3 |  3.3
Dodging        | 2 |  2.2

Action                   || total
-------------------------++-------
 Fire: Shortbow          ||    78
Armor: Robe              ||    20
Dodge: Dodged            ||    36
